 Dungeon Crawl Stone Soup version 0.30-a0-702-gdf48620a09 (webtiles) character file.

Game seed: 4835050053189300279

1 gelatine the Firebug (level 1, 0/13 HPs)
             Began as a Demonspawn Fire Elementalist on Jan 22, 2023.
             Slain by a jackal (1 damage)
             ... on level 1 of the Dungeon.
             The game lasted 00:00:30 (44 turns).

gelatine the Firebug (Demonspawn Fire Elementalist)   Turns: 44, Time: 00:00:31

Health: 0/13       AC:  2    Str:  8    XL:     1   Next: 16%
Magic:  2/3        EV: 12    Int: 16    God:
Gold:   0          SH:  0    Dex: 13    Spells: 3/4 levels left

rFire   . . .      SeeInvis .    c - staff of cold
rCold   + . .      Faith    .    (no shield)
rNeg    . . .      Spirit   .    a - +0 robe
rPois   .          Reflect  .    (no helmet)
rElec   .          Harm     .    (no cloak)
rCorr   .          Rampage  .    (no gloves)
Will    .....                    (no boots)
Stlth   ++                       (no amulet)
HPRegen 0.22/turn                (no ring)
MPRegen 0.08/turn                (no ring)

@: no status effects
A: no striking features
a: no special abilities


You were on level 1 of the Dungeon.
You visited 1 branch of the dungeon, and saw 1 of its levels.

Inventory:

Armour
 a - a +0 robe (worn)
Magical Staves
 c - a staff of cold (weapon)
Potions
 b - a potion of magic


   Skills:
 + Level 1.7 Dodging
 + Level 1.7 Stealth
 + Level 2.0 Spellcasting
 + Level 1.0 Conjurations
 + Level 2.8 Fire Magic


You had 3 spell levels left.
You knew the following spells:

 Your Spells              Type           Power      Damage    Failure   Level
a - Foxfire               Conj/Fire      28%        2x1d5     10%         1

Your spell library contained the following spells:

 Spells                   Type           Power      Damage    Failure   Level
 Scorch                   Fire           20%        2d6       10%         2
 Inner Flame              Hex/Fire       6%         N/A       34%         3
 Kindle Blastsparks       Fire/Tloc/Air  8%         2d10      38%         3
 Flame Wave               Conj/Fire      7%         2d5       67%         4


Dungeon Overview and Level Annotations

Branches:
Dungeon (1/15)

Altars:


Message History

You closely miss the jackal. The jackal misses you.
The ball python barely misses you. x2
The jackal bites you but does no damage.
You hit the jackal.
The jackal is heavily wounded.
The ball python barely misses you. x2; The jackal closely misses you.
The ball python closely misses you. x2
You miss the jackal.
The jackal is heavily wounded.
The jackal barely misses you. The ball python barely misses you.
The ball python grabs you. The ball python constricts you.
The jackal closely misses you.
The ball python's grasp on you weakens, but your attempt to escape fails.
The jackal bites you. The ball python bites you.
* * * LOW HITPOINT WARNING * * *
The ball python constricts you.
You escape the ball python's grasp.
The ball python attacks as you move away!
The ball python closely misses you. x2; The jackal bites you.
* * * LOW HITPOINT WARNING * * *
The jackal completely misses you. The jackal attacks as you move away!
The jackal bites you but does no damage.
There is a stone staircase leading down here.
You closely miss the jackal.
The jackal is heavily wounded.
The jackal completely misses you. The jackal closely misses you.
You barely miss the jackal.
The jackal is heavily wounded.
The jackal bites you.
* * * LOW HITPOINT WARNING * * *
The jackal barely misses you.
You miss the jackal.
The jackal is heavily wounded.
The jackal bites you.
* * * LOW HITPOINT WARNING * * *
You hit the jackal.
The jackal is severely wounded.
The jackal misses you. The jackal bites you.
You die...

###### #.
#~≈.<# #.
#P~..# #.
#PP.~# #.
#~..P# #.
####P..~# #.
#..'..~P#
#.###.##~.~P#
#.@hS..#~.P≈#
####.####+###
###..#.###.#..
#.....#.......
#.###..#######
..v.....#
####§.....
#..###.. #.S
...


You could see a jackal and a ball python.

Vanquished Creatures
  A goblin (D:1)
1 creature vanquished.

Vanquished Creatures (others)
  3 foxfires (D:1)
3 creatures vanquished.

Grand Total: 4 creatures vanquished

Notes
Turn   | Place    | Note
-------+----------+-------------------------------------------
     0 | D:1      | gelatine the Demonspawn Fire Elementalist began the quest
                  | for the Orb.
     0 | D:1      | Reached XP level 1. HP: 13/13 MP: 3/3
    44 | D:1      | Slain by a jackal

Illustrated notes

Levels and vault maps discovered:
D:1:      tarquinn_simple_flora_water_f, layout_loops_ring, serial_shops,
          nicolae_diamond_shop, ebering_ecumenical_altar_webs,
          minmay_misc_feat_columns

Action                   || total
-------------------------++-------
Melee: Staff             ||    17
 Cast: Foxfire           ||     3
Armor: Robe              ||     4
Dodge: Dodged            ||    29

Table legend: (Time is in decaauts)
 A = Elapsed time spent in this place.
 B = Non-inter-level travel time spent in this place.
 C = Inter-level travel time spent in this place.
 D = Time resting spent in this place.
 E = Time spent auto-exploring this place.
 F = Levels seen in this place.
 G = Mean time per level.
                   A        B        C        D        E       F      G
               +--------+--------+--------+--------+--------+-----+--------+
         Total |     46 |     46 |      0 |      0 |     13 |   1 |   46.0 |
       Dungeon |     46 |     46 |      0 |      0 |     13 |   1 |   46.0 |
               +--------+--------+--------+--------+--------+-----+--------+

Top non-repeatable levels by time:
     D:1: 46 daAuts
